[Event "Team 45 45 League T39"]
[Site "Internet Chess Club"]
[Date "2008.11.24"]
[Round "5"]
[White "ghostfire"]
[Black "chess9397"]
[Result "1-0"]
[WhiteElo "1833"]
[BlackElo "1900"]
[Opening "Nimzo-Indian: classical variation"]
[ECO "E32"]
[Time "21:05:22"]
[TimeControl "2700+45"]

1. d4 Nf6 2. c4 e6 3. Nc3 Bb4 4. Qc2 O-O 5. a3 Bxc3+ 6. Qxc3 b6 7. Bg5 Bb7 8.
Nf3 h6 9. Bh4 d6 10. e3 Nbd7 11. Be2 c5 12. O-O Ne4 13. Qc2 Qc7 14. Rfd1 g5 15.
Bg3 Nxg3 16. hxg3 d5 17. Nh2 Nf6 18. Ng4 Nxg4 19. Bxg4 dxc4 20. Qxc4 Bd5 21. Qc3
Rac8 22. dxc5 Qxc5 23. Qf6 Kh7 24. Rac1 Qxc1 25. Rxc1 Rxc1+ 26. Kh2 Be4 27. Qe7
Kg7 28. Bxe6 Bg6 29. Qxa7 Rc2 30. f4 Be4 31. fxg5 Rxg2+ 32. Kh3 hxg5 33. Kg4
Rxb2 34. Qc7 Rb5 35. Bd7 Rd5 36. a4 Bd3 37. Qc3+ Kg8 38. Bc6 Be2+ 39. Kh3 Rd6
40. Bb5 Bf3 41. g4 Rfd8 42. Kg3 Bb7 43. Qc7 Be4 44. Qe7 Bg6 45. Qxg5 Rd1 46. Bc4
R8d6 47. e4 Kg7 48. Qe5+ Kh7 49. Bd5 Rf1 50. Qxd6 {Black resigns} 1-0

[Event "Team 45 45 League T39"]
[Site "Internet Chess Club"]
[Date "2008.11.24"]
[Round "5"]
[White "room-matt"]
[Black "Stav"]
[Result "0-1"]
[WhiteElo "1822"]
[BlackElo "1837"]
[Opening "Sicilian: Sozin attack"]
[ECO "B86"]
[Time "14:06:38"]
[TimeControl "2700+45"]

1. e4 c5 2. Nf3 e6 3. d4 cxd4 4. Nxd4 Nf6 5. Nc3 d6 6. Bc4 a6 7. O-O Be7 8. Be3
O-O 9. Bb3 Nc6 10. a3 Qc7 11. f4 Bd7 12. h3 b5 13. g4 Nxd4 14. Bxd4 Bc6 15. Qf3
a5 16. a4 b4 17. Nb5 Qb7 18. Bxf6 Bxe4 19. Qe3 gxf6 20. Rad1 d5 21. Nd4 Bc5 22.
Qg3 Qb6 23. Qe3 Kh8 24. Kh2 e5 25. fxe5 fxe5 26. Bxd5 Bxc2 27. Qf3 Bxd1 28. Rxd1
Rad8 29. Nf5 Bd6 30. Kh1 Qc7 31. Nh6 f6 32. g5 fxg5 33. Nf7+ Rxf7 34. Bxf7 Qe7
35. Rf1 e4 36. Qf5 Rf8 37. h4 Kg7 38. hxg5 Rxf7 39. Qxf7+ Qxf7 40. Rxf7+ Kxf7
41. Kg2 Kg6 42. Kf2 Kxg5 43. Ke3 Kf5 {White resigns} 0-1

[Event "Team 45 45 League T39"]
[Site "Internet Chess Club"]
[Date "2008.11.26"]
[Round "5"]
[White "Frankly"]
[Black "chess9793"]
[Result "0-1"]
[WhiteElo "1733"]
[BlackElo "1780"]
[Opening "Nimzo-Indian: 4.e3, Bronstein (Byrne) variation"]
[ECO "E45"]
[Time "13:01:58"]
[TimeControl "2700+45"]

1. d4 Nf6 2. c4 e6 3. Nc3 Bb4 4. e3 b6 5. Ne2 Ba6 6. a3 Bxc3+ 7. Nxc3 d5 8. b3
O-O 9. Bd3 dxc4 10. bxc4 Nc6 11. O-O Na5 12. Qe2 Qd7 13. Rb1 Rfd8 14. Rd1 Qc6
15. f3 Bxc4 16. Rb4 Bb3 17. Bb2 Bxd1 18. Qxd1 Qd7 19. Bc2 c5 20. Ra4 Qc6 21. Ne4
Ne8 22. Ng3 cxd4 23. exd4 Rac8 24. Be4 Qc7 25. Qb1 Nf6 26. Bd3 h6 27. Ne2 Qc6
28. Nc3 Qb7 29. Ba1 Qc6 30. Kf2 Nd5 31. Bb5 Nxc3 32. Qd3 {White resigns} 0-1

[Event "Team 45 45 League T39"]
[Site "Internet Chess Club"]
[Date "2008.11.23"]
[Round "5"]
[White "ilkerakpinar08"]
[Black "Razorbackchess"]
[Result "0-1"]
[WhiteElo "1680"]
[BlackElo "1782"]
[Opening "Sicilian defense"]
[ECO "B40"]
[Time "14:00:11"]
[TimeControl "2700+45"]

1. e4 c5 2. Nf3 e6 3. d3 Nc6 4. g3 g6 5. Bg2 Bg7 6. O-O Nge7 7. Nbd2 O-O 8. Re1
e5 9. a4 d6 10. Nc4 b6 11. Bg5 h6 12. Bd2 Rb8 13. h4 f5 14. Nh2 Bb7 15. c3 a6
16. Qc1 Kh7 17. Ne3 Qe8 18. exf5 gxf5 19. Nc4 Qd8 20. Ne3 Na5 21. Qd1 Bxg2 22.
Kxg2 Qd7 23. Rb1 d5 24. b4 cxb4 25. cxb4 Nac6 26. b5 axb5 27. axb5 Nd4 28. Bb4
Rg8 29. Bxe7 Qxe7 30. Nxd5 Qb7 31. Kg1 Qxd5 32. Qh5 Rbc8 33. Re3 Rc2 34. Nf3
Nxf3+ 35. Rxf3 Rf8 36. Rxf5 Rxf5 37. Qxf5+ Kh8 38. d4 Rc7 39. Ra1 Rf7 40. Qh5
Rxf2 41. Kxf2 Qxd4+ 42. Kg2 Qxa1 43. Qe8+ Kh7 44. Qc6 Qb2+ 45. Kh3 Qd4 46. h5
Qd8 47. Qg6+ Kh8 48. Qc6 Qf6 49. Qc8+ Kh7 50. Qc2+ Kg8 51. Qc4+ Qf7 52. Qc8+ Bf8
53. Qg4+ Kh8 54. Qe2 Qf5+ 55. Kg2 e4 56. Kh2 Qf3 57. Qc4 Qxh5+ 58. Kg2 Qf3+ 59.
Kh3 Qf5+ 60. Kg2 Bc5 61. Qc3+ Kh7 62. Qa1 Qf3+ 63. Kh3 Bd6 64. Qe1 Kg6 65. Kh2
Qxg3+ 66. Qxg3+ Bxg3+ 67. Kxg3 Kf5 {White resigns} 0-1

[Event "Team 45 45 League T39"]
[Site "Internet Chess Club"]
[Date "2008.11.23"]
[Round "5"]
[White "A-Ru"]
[Black "natethegreat"]
[Result "0-1"]
[WhiteElo "1905"]
[BlackElo "1853"]
[Opening "Pirc: classical (two knights) system"]
[ECO "A48"]
[Time "13:02:38"]
[TimeControl "2700+45"]

1. d4 Nf6 2. Nf3 g6 3. Nc3 Bg7 4. e4 d6 5. Be3 O-O 6. Qd2 e5 7. O-O-O Nc6 8. d5
Ne7 9. Bh6 Bxh6 10. Qxh6 Ng4 11. Qh4 f5 12. h3 Nf6 13. Ng5 Kg7 14. Bd3 f4 15. g3
h6 16. Nf3 g5 17. Nxg5 Ng6 {White resigns} 0-1

[Event "Team 45 45 League T39"]
[Site "Internet Chess Club"]
[Date "2008.11.24"]
[Round "5"]
[White "vkpanch"]
[Black "viking99"]
[Result "0-1"]
[WhiteElo "1761"]
[BlackElo "1828"]
[Opening "French: advance, Paulsen attack"]
[ECO "C02"]
[Time "21:30:18"]
[TimeControl "2700+45"]

1. e4 e6 2. d4 d5 3. e5 c5 4. c3 Nc6 5. Nf3 Qb6 6. a3 Bd7 7. b4 cxb4 8. cxb4
Nge7 9. Be3 Nf5 10. Bd3 Nxe3 11. fxe3 Be7 12. O-O Rc8 13. Nbd2 O-O 14. Ng5 Bxg5
15. Qh5 Bxe3+ 16. Kh1 g6 17. Qe2 Bxd2 18. Qxd2 Qxd4 19. Qe2 Qxe5 20. Qg4 f5 21.
Qg5 Qf6 22. Qg3 Ne5 23. Be2 Nc4 24. Rad1 Qe5 25. Qxe5 Nxe5 26. Rfe1 Nc4 27. Bxc4
Rxc4 28. Re3 Rfc8 29. Red3 Kf7 30. h3 Rc3 31. Kh2 Ba4 32. R1d2 Rxd3 33. Rxd3 Rc4
34. Kg3 Kf6 35. Re3 d4 36. Rd3 e5 37. h4 e4 38. Rd2 Ke5 39. h5 g5 40. Kh3 Rc3+
41. Kh2 e3 42. Re2 Bd1 43. Re1 Bxh5 44. g3 Bf3 45. Kh3 h5 46. a4 Rc2 47. a5 Bg4#
{White checkmated} 0-1

[Event "Team 45 45 League T39"]
[Site "Internet Chess Club"]
[Date "2008.11.21"]
[Round "5"]
[White "Kingofknights"]
[Black "Caminator"]
[Result "1-0"]
[WhiteElo "1840"]
[BlackElo "1685"]
[Opening "QGD: semi-Slav, Marshall gambit"]
[ECO "D31"]
[Time "21:01:50"]
[TimeControl "2700+45"]

1. d4 d5 2. c4 e6 3. Nc3 c6 4. e4 Bb4 5. e5 Bxc3+ 6. bxc3 Nd7 7. Qg4 g6 8. Bd3
Nb6 9. c5 Nd7 10. Nf3 f5 11. exf6 Ngxf6 12. Qxe6+ Kf8 13. Bh6# {Black
checkmated} 1-0

[Event "Team 45 45 League T39"]
[Site "Internet Chess Club"]
[Date "2008.11.25"]
[Round "5"]
[White "soccerisfun"]
[Black "Marichan"]
[Result "0-1"]
[WhiteElo "1362"]
[BlackElo "1720"]
[Opening "Pirc defense"]
[ECO "B07"]
[Time "15:30:36"]
[TimeControl "2700+45"]

1. e4 d6 2. d4 Nf6 3. Nc3 g6 4. Be3 Bg7 5. Nf3 c6 6. Bd3 b5 7. O-O O-O 8. Qd2
Qc7 9. a3 e5 10. dxe5 dxe5 11. Bc5 Rd8 12. Qe3 Na6 13. b4 Bg4 14. Nd2 Nxc5 15.
Qxc5 Qd6 16. Qxd6 Rxd6 17. h3 Be6 18. Nf3 Nh5 19. Rad1 Nf4 20. Ne1 Nxd3 21. Rxd3
Rad8 22. Rxd6 Rxd6 23. Nd3 Bc4 24. Rd1 f5 25. f3 Kf8 26. Kf2 Ke7 27. Ke3 Bxd3
28. Rxd3 Rxd3+ 29. cxd3 Ke6 30. g4 Bh6+ 31. Kf2 Bc1 32. Nb1 f4 33. h4 h6 34. Ke1
Kd6 35. Kd1 Bb2 36. Kc2 Bd4 37. Nd2 Bf2 38. h5 gxh5 39. gxh5 c5 40. bxc5+ Bxc5
41. Kb3 a5 42. a4 Kc6 43. axb5+ Kxb5 44. Nc4 a4+ 45. Ka2 Bd4 46. Ka3 Bc3 47.
Nd6+ Ka5 48. Nc4+ Kb5 49. Nd6+ Kc5 50. Nb7+ Kd4 51. Kxa4 Kxd3 52. Nd6 Ke3 53.
Nf5+ Kxf3 54. Nxh6 Kxe4 55. Ng4 Kf5 56. h6 Kxg4 57. h7 e4 {White resigns} 0-1

[Event "Team 45 45 League T39"]
[Site "Internet Chess Club"]
[Date "2008.11.23"]
[Round "5"]
[White "pishd"]
[Black "player12321"]
[Result "0-1"]
[WhiteElo "1808"]
[BlackElo "1861"]
[Opening "Dutch defense"]
[ECO "A81"]
[Time "13:00:23"]
[TimeControl "2700+45"]

1. d4 f5 2. g3 e6 3. Bg2 d5 4. c4 c6 5. Nf3 Nf6 6. O-O Bd6 7. b3 O-O 8. Bb2 Nbd7
9. Nbd2 Ne4 10. Nxe4 fxe4 11. Ne5 Qf6 12. f4 exf3 13. Rxf3 Qh6 14. Rxf8+ Nxf8
15. Ng4 Qg5 16. Nf2 Bd7 17. Qd3 Be8 18. Qc3 Nd7 19. Rd1 Bh5 20. Nh3 Qg6 21. Re1
Nf6 22. Nf2 Rf8 23. e4 dxe4 24. Nxe4 Nxe4 25. Bxe4 Qf7 26. Qc2 h6 27. Qg2 Bb4
28. Rf1 Qe7 29. Rxf8+ Qxf8 30. Qh3 Qf7 31. g4 Bg6 32. Qd3 Kh7 33. Bxg6+ Qxg6 34.
Qxg6+ Kxg6 35. Kg2 Kg5 36. h3 Kf4 37. d5 exd5 38. cxd5 cxd5 39. Bxg7 Ke3 40.
Bxh6+ Ke2 41. Bg7 Bc5 42. g5 d4 43. Bxd4 Bxd4 44. Kg3 Ke3 45. Kg4 Ke4 46. g6 Bf6
47. h4 Ke5 48. h5 Ke6 49. h6 Ke7 50. Kf5 Bc3 51. g7 Kf7 52. Kg5 Bd2+ 53. Kh5 b6
54. a3 a5 55. a4 Bc1 56. g8=Q+ Kxg8 57. Kg6 Bd2 58. h7+ Kh8 59. Kf7 Kxh7 60. Ke6
Kg6 61. Kd5 Kf5 62. Kc6 Be3 63. Kb5 Ke4 64. b4 Bd2 65. bxa5 bxa5 66. Kc4 Bb4 67.
Kb3 Kd3 68. Kb2 Kd2 69. Kb3 Kc1 70. Ka2 Kc2 71. Ka1 Kb3 72. Kb1 Kxa4 73. Ka2 Bc3
74. Kb1 Kb3 {White resigns} 0-1

[Event "Team 45 45 League T39"]
[Site "Internet Chess Club"]
[Date "2008.11.23"]
[Round "5"]
[White "Monsieur"]
[Black "Bill-W"]
[Result "0-1"]
[WhiteElo "1647"]
[BlackElo "1715"]
[Opening "Trompowsky attack (Ruth, Opocenský opening)"]
[ECO "A45"]
[Time "05:05:39"]
[TimeControl "2700+45"]

1. d4 Nf6 2. Bg5 c5 3. Bxf6 exf6 4. Nc3 d5 5. e3 Be6 6. Nf3 Nc6 7. Bb5 cxd4 8.
exd4 Bb4 9. O-O O-O 10. Bxc6 bxc6 11. a3 Ba5 12. Na4 Bb6 13. Nxb6 axb6 14. Re1
Qd6 15. Re3 c5 16. c3 c4 17. Qd2 Qd7 18. Rae1 Ra5 19. Nh4 Rb5 20. h3 Rb3 21. g4
Qb5 22. R1e2 h5 23. f4 hxg4 24. f5 Bd7 25. hxg4 Re8 26. Rxe8+ Bxe8 27. Qe3 Bc6
28. Qf2 Bd7 29. Qh2 Be8 30. Qb8 Kf8 31. Qd6+ Kg8 32. Qe7 Rxb2 33. Qxe8+ Qxe8 34.
Rxe8+ Kh7 35. Rd8 Rb3 36. Rxd5 Rxc3 37. a4 Rd3 38. Rd6 c3 39. Rc6 Rxd4 40. Rxc3
Rxg4+ 41. Kf2 Rxh4 42. Ra3 Rf4+ 43. Kg3 Rxf5 44. Kg4 Ra5 45. Kf3 g5 46. Ke3 b5
47. Rd3 bxa4 {White resigns} 0-1

[Event "Team 45 45 League T39"]
[Site "Internet Chess Club"]
[Date "2008.11.21"]
[Round "5"]
[White "playwaycool"]
[Black "trophyking"]
[Result "0-1"]
[WhiteElo "2108"]
[BlackElo "2308"]
[Opening "QGD Slav defense: exchange variation"]
[ECO "D13"]
[Time "22:36:56"]
[TimeControl "2700+45"]

1. d4 d5 2. c4 c6 3. cxd5 cxd5 4. Nf3 Nc6 5. Nc3 Nf6 6. Bf4 a6 7. Rc1 Bf5 8. e3
Rc8 9. Bd3 Bxd3 10. Qxd3 e6 11. a3 Be7 12. O-O O-O 13. b4 Nh5 14. Bg3 Nxg3 15.
hxg3 b5 16. Nd2 a5 17. Qxb5 axb4 18. Na2 Qe8 19. Nxb4 Nxd4 20. Qxe8 Ne2+ 21. Kh2
Rfxe8 22. Rxc8 Rxc8 23. Rb1 h5 24. Rb2 Ra8 25. Nb1 Nc1 26. Nc6 Bd6 27. Rb7 Nd3
28. f4 Nf2 29. Rd7 Ng4+ 30. Kh3 Bc5 31. Rd8+ Rxd8 32. Nxd8 Bxe3 33. a4 Kf8 34.
Nc6 Ke8 35. Kh4 g6 36. a5 Kd7 37. Nb4 Bc5 38. Nd3 Be7+ 39. Kh3 Kc6 40. Nc3 Kb7
41. Ne2 Ka6 42. Nd4 Bd6 43. Nc6 Bc7 44. Ndb4+ Kb5 45. a6 Bb6 46. Kh4 d4 47. f5
exf5 48. Nxd4+ Bxd4 49. Nd5 Kxa6 50. Kg5 Kb5 51. Nc7+ Kc6 52. Na6 Be3+ 53. Kh4
Bc5 54. Nb8+ Kd5 55. Nd7 Be7+ 56. Kh3 Nf2+ 57. Kh2 Ne4 58. Nb6+ Ke6 59. Nc4 Bd6
60. Kh3 g5 61. Nxd6 Nxd6 62. Kh2 g4 {White resigns} 0-1

[Event "Team 45 45 League T39"]
[Site "Internet Chess Club"]
[Date "2008.11.22"]
[Round "5"]
[White "Elddir"]
[Black "AMAV"]
[Result "0-1"]
[WhiteElo "2105"]
[BlackElo "2111"]
[Opening "QGD: exchange variation"]
[ECO "D35"]
[Time "21:20:50"]
[TimeControl "2700+45"]

1. d4 d5 2. c4 e6 3. Nc3 Nf6 4. cxd5 Nxd5 5. e4 Nxc3 6. bxc3 Be7 7. Bd3 c5 8.
Nf3 O-O 9. O-O b6 10. Qe2 Bb7 11. Rd1 cxd4 12. cxd4 Nd7 13. Bb2 Nf6 14. d5 exd5
15. e5 Nh5 16. g3 g6 17. Nd4 Ng7 18. f4 Bc5 19. Bc2 Qd7 20. Kg2 Ne6 21. f5 Nxd4
22. Rxd4 Rfe8 23. Rh4 d4+ 24. Kf1 Qd5 25. Be4 Qxe5 26. Re1 Bxe4 27. Rxe4 Qxf5+
28. Kg2 Rxe4 29. Qxe4 Qxe4+ 30. Rxe4 Rd8 31. Kf1 f5 32. Re1 Kf7 33. Ke2 Re8+ 34.
Kd1 Rxe1+ 35. Kxe1 Ke6 36. Ke2 Kd5 37. Kd3 g5 38. Bc1 h6 39. h4 gxh4 40. gxh4 h5
41. Bd2 Bd6 42. Be1 b5 43. Bf2 Be5 44. Be1 Bf4 45. Bf2 Be3 46. Bxe3 dxe3 47.
Kxe3 Ke5 48. Kf3 f4 {White resigns} 0-1

[Event "Team 45 45 League T39"]
[Site "Internet Chess Club"]
[Date "2008.11.23"]
[Round "5"]
[White "Gregorio"]
[Black "FriedEggs"]
[Result "1-0"]
[WhiteElo "2078"]
[BlackElo "1832"]
[Opening "Sicilian: dragon, classical, Grigoriev variation"]
[ECO "B72"]
[Time "18:00:13"]
[TimeControl "2700+45"]

1. e4 c5 2. Nf3 d6 3. d4 cxd4 4. Nxd4 Nf6 5. Nc3 g6 6. Be2 Bg7 7. Be3 Nc6 8. Qd2
O-O 9. O-O-O Bd7 10. Nxc6 bxc6 11. Bh6 Qb6 12. Bxg7 Kxg7 13. h4 Rab8 14. b3 Qxf2
15. h5 Rb4 16. hxg6 fxg6 17. Qh6+ Kf7 18. Rhf1 Qxg2 19. e5 {Black resigns} 1-0

[Event "Team 45 45 League T39"]
[Site "Internet Chess Club"]
[Date "2008.11.23"]
[Round "5"]
[White "gtm"]
[Black "GamePlayer"]
[Result "0-1"]
[WhiteElo "1669"]
[BlackElo "1920"]
[Opening "Queen's pawn game"]
[ECO "E20"]
[Time "09:25:39"]
[TimeControl "2700+45"]

1. d4 Nf6 2. c4 e6 3. Nc3 b6 4. e4 Bb7 5. d5 Bb4 6. Bd2 exd5 7. cxd5 Qe7 8. f3
Nxd5 9. Nge2 Nxc3 10. Bxc3 O-O 11. Qd4 Bxc3+ 12. Qxc3 d5 13. e5 c5 14. f4 d4 15.
Qg3 Nc6 16. b3 Nb4 17. Kd2 Rad8 18. a3 Nd5 19. Nc1 f6 20. Bc4 fxe5 21. fxe5 Kh8
22. Nd3 Nc3 23. Kc2 b5 24. Bxb5 Nxb5 25. Nf4 Be4+ 26. Kb2 Qxe5 27. Ng6+ Bxg6 28.
Qxe5 Rf2+ 29. Kc1 Nc3 {White resigns} 0-1

[Event "Team 45 45 League T39"]
[Site "Internet Chess Club"]
[Date "2008.11.21"]
[Round "5"]
[White "Ortega"]
[Black "xakelari"]
[Result "1/2-1/2"]
[WhiteElo "1963"]
[BlackElo "2059"]
[Opening "Queen's pawn game"]
[ECO "E10"]
[Time "15:35:28"]
[TimeControl "2700+45"]

1. d4 Nf6 2. c4 e6 3. Nf3 d5 4. e3 c6 5. Bd3 dxc4 6. Bxc4 Nbd7 7. O-O Be7 8. Nc3
b5 9. Bd3 b4 10. Ne4 Nxe4 11. Bxe4 Bb7 12. b3 O-O 13. Bb2 Nf6 14. Bc2 c5 15. Rc1
Rc8 16. Re1 Ne4 17. Qd3 f5 18. Nd2 Bf6 19. Nxe4 Bxe4 20. Qa6 Qd7 21. Bxe4 fxe4
22. Rcd1 Qc6 23. Qxc6 Rxc6 24. Rc1 Rfc8 25. g3 c4 26. bxc4 Rxc4 27. Rxc4 Rxc4
28. Rc1 Rxc1+ 29. Bxc1 Be7 30. Kf1 a5 31. f3 exf3 32. Kf2 Kf7 33. Kxf3 Ke8 34.
Ke4 Kd7 35. Kd3 Kc6 36. Kc4 h5 37. e4 g6 38. d5+ exd5+ 39. exd5+ Kb6 40. Be3+
Ka6 41. Bc5 Bd8 42. h3 Bc7 43. d6 Bd8 44. g4 hxg4 45. hxg4 Bg5 46. a4 Bf6 47. d7
Kb7 48. Bd4 Be7 49. Kd5 Kc7 50. Ke6 Bd8 51. Bb2 Kc6 52. Be5 Bh4 53. Bb2 Bd8 54.
Bg7 Bg5 55. Bd4 Bd8 56. Bb2 Bg5 57. Bh8 Bd8 58. Bd4 Bg5 59. Bb2 Bh4 60. Bc1 Bd8
61. Bd2 Kc7 62. Bc1 Kc6 63. Bf4 b3 64. Bc1 Kc7 65. Ba3 Kc6 66. Bb2 Bg5 67. Ba3
Bd8 68. Bc1 Kc7 69. Ba3 Kc6 70. Bb2 Bg5 71. Be5 Bd8 72. Bc3 Bh4 73. Bb2 Bd8 74.
Bc1 Kc7 75. Ba3 Kc6 76. Bc1 Kc7 77. Ba3 Kc6 {Game drawn by repetition} 1/2-1/2

[Event "Team 45 45 League T39"]
[Site "Internet Chess Club"]
[Date "2008.11.20"]
[Round "5"]
[White "IceBox"]
[Black "PopolVuh"]
[Result "1/2-1/2"]
[WhiteElo "1741"]
[BlackElo "2000"]
[Opening "Benoni defense, Hromodka system"]
[ECO "A56"]
[Time "17:00:48"]
[TimeControl "2700+45"]

1. d4 Nf6 2. c4 c5 3. d5 d6 4. Nc3 g6 5. e4 Bg7 6. h3 O-O 7. Nf3 e6 8. Bd3 exd5
9. exd5 Re8+ 10. Be3 Nbd7 11. O-O a6 12. a4 Qc7 13. Qd2 Nh5 14. Rfe1 Ne5 15. Be2
Nxf3+ 16. Bxf3 Nf6 17. Bf4 Bd7 18. Rxe8+ Rxe8 19. Re1 Rxe1+ 20. Qxe1 Ne8 21. b3
Bf6 22. Ne4 Bg7 23. Nc3 f5 24. Bd1 h6 25. Bc2 Kf7 26. Bd2 Qd8 27. Kf1 Qh4 28.
Qe3 Bd4 29. Qf3 Nf6 30. Ne2 Be5 31. Bf4 Nh5 32. Bxh6 Ng3+ 33. Nxg3 Qxh6 34. Bd1
b5 35. axb5 axb5 36. Qd3 Qc1 37. Qc2 Qa1 38. Ne2 f4 39. Qc1 f3 40. gxf3 Bxh3+
41. Kg1 Qa5 42. Bc2 bxc4 43. bxc4 Qd8 44. Qh6 Bf5 45. Bxf5 gxf5 46. Qh7+ Bg7 47.
Qxf5+ Kg8 48. Qe6+ Kh8 49. Qh3+ Kg8 50. Qe6+ Kh8 51. Qh3+ Kg8 {Game drawn by
mutual agreement} 1/2-1/2

[Event "Team 45 45 League T39"]
[Site "Internet Chess Club"]
[Date "2008.11.23"]
[Round "5"]
[White "Eskake"]
[Black "alexcluster"]
[Result "1-0"]
[WhiteElo "1966"]
[BlackElo "1652"]
[Opening "Sicilian: Najdorf, 6...e6"]
[ECO "B95"]
[Time "11:03:14"]
[TimeControl "2700+45"]

1. e4 c5 2. Nf3 d6 3. d4 cxd4 4. Nxd4 Nf6 5. Nc3 a6 6. Bg5 e6 7. Qe2 Be7 8.
O-O-O Qc7 9. f4 Nbd7 10. Nf3 Nb6 11. e5 Nfd5 12. Nxd5 Nxd5 13. Bxe7 Qxe7 14.
exd6 Qxd6 15. Kb1 Qc5 16. Qd3 O-O 17. Ng5 Nf6 18. Qf3 Rb8 19. Bd3 b5 20. Rhe1
Bb7 21. Qh3 h6 22. Nf3 b4 23. g4 Nd5 24. Rd2 Nxf4 25. Qg3 Nd5 26. g5 Nc3+ 27.
Ka1 hxg5 28. Nxg5 Qa5 29. bxc3 bxc3 30. Qh4 Rfd8 31. Qh7+ Kf8 32. Nxe6+ fxe6 33.
Rf2+ Ke7 34. Qxg7+ Kd6 35. Rxe6+ Kc5 36. Qe7+ Kd4 37. Rf4+ Be4 38. Rfxe4+ Kd5
39. R6e5+ Kc6 40. Rxa5 {Black resigns} 1-0

[Event "Team 45 45 League T39"]
[Site "Internet Chess Club"]
[Date "2008.11.23"]
[Round "5"]
[White "egd01"]
[Black "nodoyuna"]
[Result "0-1"]
[WhiteElo "1529"]
[BlackElo "1839"]
[Opening "Sicilian: O'Kelly variation"]
[ECO "B28"]
[Time "16:03:59"]
[TimeControl "2700+45"]

1. e4 c5 2. Nf3 a6 3. d4 cxd4 4. Nxd4 Nf6 5. Nc3 e5 6. Nde2 Bc5 7. Bg5 Bxf2+ 8.
Kxf2 Ng4+ 9. Kg1 Qxg5 10. Qd3 Nc6 11. h3 Nf6 12. Qg3 Qxg3 13. Nxg3 Nd4 14. Bd3
b5 15. Kh2 O-O 16. Rhf1 Bb7 17. Rae1 Rac8 18. a3 h5 19. Nf5 Nxf5 20. Rxf5 d6 21.
Nd1 h4 22. Nf2 Nh7 23. Ng4 f6 24. g3 hxg3+ 25. Kxg3 Ng5 26. h4 Ne6 27. c3 Nf4
28. Bc2 Kf7 29. Bb3+ Ke7 30. h5 Rh8 31. h6 g6 32. Rxf6 Nh5+ {White resigns} 0-1

[Event "Team 45 45 League T39"]
[Site "Internet Chess Club"]
[Date "2008.11.22"]
[Round "5"]
[White "bobhill"]
[Black "SlimeDog2"]
[Result "0-1"]
[WhiteElo "2020"]
[BlackElo "2110"]
[Opening "King's Indian: Torre attack"]
[ECO "A48"]
[Time "23:05:42"]
[TimeControl "2700+45"]

1. d4 Nf6 2. Nf3 g6 3. Bg5 Bg7 4. Nbd2 d5 5. e3 O-O 6. Be2 Nbd7 7. O-O c5 8. c3
b6 9. a4 a5 10. Bb5 Ba6 11. Bxa6 Rxa6 12. Qe2 Ra7 13. e4 dxe4 14. Nxe4 Nxe4 15.
Qxe4 Nf6 16. Qe2 cxd4 17. Nxd4 Qd5 18. Be3 Rd7 19. Nf3 Qb7 20. Rad1 Nd5 21. Bd4
Nf4 22. Qe3 Bxd4 23. Qxf4 Bf6 24. Qh6 Rd5 25. Rxd5 Qxd5 26. Qe3 Qb3 27. Ne5 Qxb2
28. Nd7 Rc8 29. Nxf6+ exf6 30. h4 Rxc3 31. Qh6 Rc8 32. Re1 b5 33. axb5 a4 34. b6
a3 35. b7 Qxb7 36. h5 a2 37. hxg6 hxg6 38. Qh3 Ra8 39. Qc3 Qb1 40. Kh2 Qxe1
{White resigns} 0-1

[Event "Team 45 45 League T39"]
[Site "Internet Chess Club"]
[Date "2008.11.23"]
[Round "5"]
[White "GeofDeV"]
[Black "Beetlejuice"]
[Result "1-0"]
[WhiteElo "2057"]
[BlackElo "1902"]
[Opening "QGD: Chigorin defense"]
[ECO "D07"]
[Time "09:00:27"]
[TimeControl "2700+45"]

1. d4 d5 2. c4 Nc6 3. cxd5 Qxd5 4. e3 e5 5. Nc3 Bb4 6. Bd2 Bxc3 7. bxc3 Nf6 8.
f3 Qd6 9. Bd3 O-O 10. Ne2 Re8 11. O-O a6 12. Qc2 exd4 13. exd4 Bf5 14. Bxf5 Rxe2
15. Qd3 Ree8 16. Rae1 h6 17. Kh1 Ne7 18. Bh3 c5 19. Be3 Rad8 20. Qb1 cxd4 21.
Bxd4 b5 22. Rd1 Qc6 23. Rde1 Nfd5 24. Qc1 Qc4 25. Rf2 b4 26. Rc2 bxc3 27. Bxc3
Nxc3 28. Rxc3 Qxa2 29. Rce3 Qa4 30. Re4 Qb3 31. Qa1 Kf8 32. Qxa6 Ng6 33. Qd6+
Ne7 34. Rxe7 {Black resigns} 1-0

[Event "Team 45 45 League T39"]
[Site "Internet Chess Club"]
[Date "2008.11.20"]
[Round "5"]
[White "bgolev"]
[Black "primerpaso"]
[Result "1-0"]
[WhiteElo "1841"]
[BlackElo "1833"]
[Opening "Neo-Grünfeld, 6.O-O c6"]
[ECO "D78"]
[Time "20:04:51"]
[TimeControl "2700+45"]

1. Nf3 Nf6 2. g3 g6 3. Bg2 Bg7 4. O-O d5 5. d4 O-O 6. c4 c6 7. Nc3 Ne4 8. cxd5
Nxc3 9. bxc3 cxd5 10. a4 Nc6 11. Ba3 Qc7 12. Qb3 Rd8 13. Nd2 Be6 14. e3 b6 15.
Rfc1 Rac8 16. Qb5 Na5 17. Bb4 Nc6 18. a5 Nxa5 19. Bxa5 bxa5 20. Qxa5 Rd7 21. Nb3
Qb6 22. Nc5 Rdc7 23. Rcb1 Qd6 24. Ra3 Bf5 25. Rb5 e6 26. h3 Bf8 27. Rab3 g5 28.
e4 dxe4 29. Nxe4 Bxe4 30. Bxe4 h6 31. Kg2 Re8 32. Rb7 f5 33. Qxc7 Qxc7 34. Rxc7
fxe4 35. Rxa7 e5 36. d5 Rd8 37. c4 Bc5 38. Rc7 Bd4 39. Ra3 Rf8 40. Ra2 {Black
resigns} 1-0

[Event "Team 45 45 League T39"]
[Site "Internet Chess Club"]
[Date "2008.11.25"]
[Round "5"]
[White "VICODIN"]
[Black "room-matt"]
[Result "1-0"]
[WhiteElo "1836"]
[BlackElo "1806"]
[Opening "Colle system"]
[ECO "A45"]
[Time "15:02:09"]
[TimeControl "2700+45"]

1. d4 Nf6 2. e3 e6 3. Nf3 c5 4. Bd3 d5 5. c3 Bd6 6. Nbd2 c4 7. Bc2 O-O 8. e4
Nxe4 9. Nxe4 dxe4 10. Bxe4 Nd7 11. O-O Nf6 12. Bg5 Be7 13. Bxf6 Bxf6 14. Ne5 Qc7
15. f4 Rb8 16. Qe2 b5 17. a4 a6 18. Nc6 Rb6 19. Qh5 g6 20. Qc5 Re8 21. Ne5 Qxc5
22. dxc5 Rb8 23. Rfd1 Bb7 24. Nd7 Be7 25. c6 Ba8 26. Nxb8 Rxb8 27. axb5 Rc8 28.
Rxa6 f5 29. Rda1 {Black resigns} 1-0

[Event "Team 45 45 League T39"]
[Site "Internet Chess Club"]
[Date "2008.11.22"]
[Round "5"]
[White "alexdb"]
[Black "aww-rats"]
[Result "1-0"]
[WhiteElo "1997"]
[BlackElo "2045"]
[Opening "Caro-Kann defense"]
[ECO "B12"]
[Time "13:06:36"]
[TimeControl "2700+45"]

1. e4 c6 2. d4 d6 3. Nf3 Nd7 4. Bc4 e5 5. a4 Be7 6. Nc3 Ngf6 7. O-O O-O 8. a5
Qc7 9. Re1 Rb8 10. Qe2 b5 11. axb6 axb6 12. Bb3 Bb7 13. Qc4 Rbc8 14. h3 b5 15.
Qd3 b4 16. Na4 Ra8 17. Bd2 Ba6 18. Qe3 c5 19. dxc5 dxc5 20. c4 Bb7 21. Bc2 Bc6
22. b3 Rfe8 23. Nb2 Nf8 24. Nh2 Ne6 25. Nf3 Red8 26. Nd3 Nd4 27. Nxd4 Rxd4 28.
Rxa8+ Bxa8 29. f3 Ne8 30. Qe2 f6 31. Be3 Rd7 32. Qf2 Qa5 33. Nxc5 Rc7 34. Nd3
Qa2 35. Bd1 Qa3 36. Bc5 Bxc5 37. Nxc5 Qa1 38. Bc2 Qa5 39. Nd3 Nd6 40. Qd2 Rb7
41. Rd1 Nf7 42. Qe1 Ng5 43. Ra1 Qd8 44. Kh2 Rd7 45. Nxb4 Ne6 46. Nd5 Bxd5 47.
exd5 Nd4 48. Qd1 Rb7 49. Qd3 g6 50. f4 Qc7 51. Re1 Nxc2 52. Qxc2 exf4 53. c5 f3+
54. d6 Qc6 55. Qc4+ Kg7 56. Qe4 Qxe4 57. Rxe4 f2 58. Rf4 Rxb3 59. Rxf2 Kf7 60.
Re2 f5 61. c6 {Black forfeits on time} 1-0

[Event "Team 45 45 League T39"]
[Site "Internet Chess Club"]
[Date "2008.11.22"]
[Round "5"]
[White "fledermaus"]
[Black "zachi"]
[Result "0-1"]
[WhiteElo "1960"]
[BlackElo "1966"]
[Opening "Caro-Kann: classical, Spassky variation"]
[ECO "B19"]
[Time "15:48:11"]
[TimeControl "2700+45"]

1. e4 c6 2. d4 d5 3. Nc3 dxe4 4. Nxe4 Bf5 5. Ng3 Bg6 6. h4 h6 7. Nf3 Nd7 8. h5
Bh7 9. Bd3 Bxd3 10. Qxd3 e6 11. Bd2 Ngf6 12. O-O-O Be7 13. c4 b5 14. cxb5 cxb5
15. Kb1 Rb8 16. Ne4 O-O 17. Rh3 b4 18. Ne5 Nxe5 19. dxe5 Qxd3+ 20. Rxd3 Nxe4
{White resigns} 0-1